 Dungeon Crawl Stone Soup version 0.31.0-1-g2c135a008e (webtiles) character file.

Game seed: 16210838953622074069

47 qw the Shooter (level 3, -1/29 HPs)
             Began as a Djinni Hunter on Jan 23, 2024.
             Slain by a gnoll
             ... wielding a +0 whip
              (4 damage)
             ... on level 2 of the Dungeon.
             The game lasted 00:00:04 (1039 turns).

qw the Shooter (Djinni Hunter)                      Turns: 1039, Time: 00:00:04

Health: -1/29      AC:  6    Str: 10    XL:     3   Next: 97%
Gold:   109        EV: 11    Int: 10    God:
                   SH:  0    Dex: 18

rFire   + + .        a - +0 shortbow (heavy)
rCold   x . .        (shield currently unavailable)
rNeg    . . .        h - +0 ring mail
rPois   inf          (no helmet)
rElec   .            (no cloak)
rCorr   .            e - +0 pair of gloves
SInv    .            (boots unavailable)
Will    .....        (no amulet)
Stlth   +            (no ring)
HPRegen 0.24/turn    (no ring)
MPRegen 0.00/turn

%: infuse magic (-2 HP)
@: flying
A: sickness immunity, fire resistance 2, cold vulnerability 1, float, innate
caster, HP casting, extra vitality 1
a: no special abilities


You were on level 2 of the Dungeon.
You visited 1 branch of the dungeon, and saw 2 of its levels.

You collected 109 gold pieces.


Innate Abilities, Weirdness & Mutations

You are immune to sickness and miasma.
You are immune to poison.
Your flesh is very heat resistant. (rF++)
You are vulnerable to cold. (rC-)
You float through the air rather than walking.
You learn spells naturally, not from books.
Your magical power is your life essence.
You have superior vitality. (+4 MHP)


   Skills:
 + Level 2.3 Fighting
 - Level 4.0 Ranged Weapons
 - Level 1.4 Armour
 - Level 2.1 Dodging
 - Level 0.7 Stealth


You knew the following spells:

 Your Spells              Type           Power      Damage    Failure   Level
a - Magic Dart            Conj           0%         1d3       67%         1
Your spell library was empty.

Inventory:

Hand Weapons
 a - a +0 heavy shortbow (weapon)
Armour
 e - a +0 pair of gloves (worn)
 h - a +0 ring mail (worn)
Scrolls
 b - 2 scrolls of identify {unknown}
 c - 2 scrolls of teleportation {unknown}
Potions
 i - a potion of cancellation {unknown}
 j - a potion of degeneration {unknown}

Dungeon Overview and Level Annotations

Branches:
Dungeon (2/15)

Altars:

Shops:
D:1 **:(?


Message History

c - 2 scrolls labelled SYEMIOCRIKH (gained 1)
A ball python comes into view.
Found a stone staircase leading down.
You shoot an arrow. The arrow hits the ball python!
You kill the ball python!
You reach down and open the door.
There is an open door here.
You reach down and open the door.
There is an open door here.
Found a book of Hexes.
b - 2 scrolls labelled NAF UGUXOGY (gained 1)
A gnoll comes into view. It is wielding a +0 club.
The gnoll shouts!
You hear a shout!
A gnoll comes into view. It is wielding a +0 flail.
You see here a book of Hexes.
You shoot an arrow. The arrow hits the gnoll.
The gnoll is lightly wounded.
A gnoll comes into view. It is wielding a +0 whip.
Enter note:
Enter note:
1033 ||| RETREEEEATING.
You shoot an arrow. The arrow hits the gnoll!
You kill the gnoll!
Your Armour skill increases to level 1!
You shoot an arrow. The arrow hits the gnoll.
The gnoll is heavily wounded.
You shoot an arrow. The arrow closely misses the gnoll.
The gnoll hits you with a +0 flail! The gnoll hits you with a +0 flail.
The gnoll misses you.
You shoot an arrow. The arrow closely misses the gnoll.
The gnoll closely misses you. The gnoll barely misses you.
The gnoll closely misses you. The gnoll completely misses you.
You shoot an arrow. The arrow barely misses the gnoll.
The gnoll hits you with a +0 flail! The gnoll hits you with a +0 whip.
The gnoll barely misses you. The gnoll hits you but does no damage.
You shoot an arrow. The arrow hits the gnoll.
The gnoll is severely wounded.
The gnoll hits you but does no damage. x2; The gnoll closely misses you.
The gnoll hits you with a +0 whip.
You die...

#....# #....#
#....# #....#
#....# #....#
#....###
#......#######
#....@........
#....gg.......
#....#........
######.!......
.).......
.........
.....#####
..$..# ......#


You could see 2 gnolls.

Vanquished Creatures
  A gnoll (D:2)
  A dart slug (D:1)
  9 bats
  5 endoplasms (D:1)
  A goblin (D:2)
  A hobgoblin (D:2)
  2 jackals (D:1)
  5 ball pythons
  4 frilled lizards
  2 kobolds (D:1)
  5 rats
36 creatures vanquished.

Notes
Turn   | Place    | Note
-------+----------+-------------------------------------------
     0 | D:1      | qw the Djinni Hunter began the quest for the Orb.
     0 | D:1      | Reached XP level 1. HP: 18/18 MP: 0/0
     0 | D:1      | 0 ||| qw: Version: 0.3-a-135-gb77e89d
     0 | D:1      | 0 ||| qw: Game counter: 850
     0 | D:1      | 0 ||| qw: Melee chars always use a shield: true
     0 | D:1      | 0 ||| qw: God list: Okawaru
     0 | D:1      | 0 ||| qw: Allow faded altars: false
     0 | D:1      | 0 ||| qw: Do Orc after clearing Dungeon:15 true
     0 | D:1      | 0 ||| qw: Do second Lair branch before Depths: true
     0 | D:1      | 0 ||| qw: Lair rune preference: random
     0 | D:1      | 0 ||| qw: Goals: Normal
     0 | D:1      | 0 ||| PLANNING D:1-11
    57 | D:1      | Found Ycrye's Assorted Antiques.
    66 | D:1      | 66 ||| SHOPLISTING 2 scrolls labelled XEYTSE BOEC (56 gold,
                  | have 10).
    66 | D:1      | 66 ||| SHOPLISTING cabochon ring (140 gold, have 10).
    66 | D:1      | 66 ||| SHOPLISTING scroll labelled EMUUST HASAHE (28 gold,
                  | have 10).
    66 | D:1      | 66 ||| SHOPLISTING scroll labelled NAF UGUXOGY (28 gold,
                  | have 10).
    66 | D:1      | 66 ||| SHOPLISTING scroll labelled SEUCSIFAAMN (28 gold,
                  | have 10).
    66 | D:1      | 66 ||| SHOPLISTING white potion (25 gold, have 10).
   143 | D:1      | Found Kogros's Antique Weapon Shop.
   167 | D:1      | Found Edghyuhe's Magic Scroll Boutique.
   173 | D:1      | 173 ||| SHOPLISTING scroll of brand weapon (114 gold, have
                  | 19).
   173 | D:1      | 173 ||| SHOPLISTING scroll of enchant weapon (90 gold, have
                  | 19).
   173 | D:1      | 173 ||| SHOPLISTING scroll of identify (24 gold, have 19).
   203 | D:1      | Reached XP level 2. HP: 23/23 MP: 0/0
   274 | D:1      | Found Uloitroa's Assorted Antiques.
   282 | D:1      | 282 ||| SHOPLISTING ring mail (84 gold, have 19).
   282 | D:1      | 282 ||| SHOPLISTING scroll labelled NAF UGUXOGY (21 gold,
                  | have 19).
   282 | D:1      | 282 ||| SHOPLISTING scroll labelled XEYTSE BOEC (21 gold,
                  | have 19).
   449 | D:1      | Found Vantear's Book Emporium.
   556 | D:1      | Reached skill level 4 in Ranged Weapons
   556 | D:1      | Reached XP level 3. HP: 28/28 MP: 0/0
   556 | D:1      | Learned a level 1 spell: Magic Dart
   803 | D:1      | 803 ||| UPGRADING to +0 pair of gloves.
   808 | D:1      | 808 ||| UPGRADING to +0 ring mail.
   818 | D:1      | 818 ||| DROPPING +0 leather armour.
   819 | D:1      | 819 ||| READING scroll labelled WUCWUM MITA.
   819 | D:1      | 819 ||| BRANDING +0 shortbow.
   820 | D:1      | 820 ||| READING 2 scrolls labelled XEYTSE BOEC.
   821 | D:1      | 821 ||| READING 3 scrolls labelled UBRO MIUFURERU.
   822 | D:1      | 822 ||| DROPPING scroll of butterflies.
   823 | D:1      | 823 ||| DROPPING scroll of fog.
   824 | D:1      | 824 ||| DROPPING 2 scrolls of poison.
  1033 | D:2      | 1033 ||| RETREEEEATING.
  1035 | D:2      | Reached skill level 1 in Armour
  1038 | D:2      | HP: 3/29 [gnoll/+0 whip (6)]
  1039 | D:2      | Slain by a gnoll

Levels and vault maps discovered:
D:1:      dpeg_arrival_boxes_within_box, layout_basic, serial_shops, shop, shop,
          shop, nicolae_shop_real_fake_doors, nicolae_square_shop,
          corner_web_ring, minmay_misc_feat_tiny
D:2:      minmay_diamond_boxcup, layout_basic

Skill      XL: |  1  2  3 |
---------------+----------+-----
Ranged Weapons | 4 |  4.0
Armour         | 1 |  1.4
Fighting       | |  2.3
Dodging        | |  2.1
Stealth        | |  0.7

Action                     || total
---------------------------++-------
   Fire: Shortbow          ||    98
    Use: Scroll            ||     3
 Armour: Leather armour    ||    20
         Ring mail         ||    22
  Dodge: Dodged            ||    42

Table legend:
 A = Non-vault XP
 B = Vault XP
 C = Vault XP percentage of total XP
 D = Non-vault monster count
 E = Vault monster count
 F = Vault count percentage of total count
                 A         B        C        D         E       F
            +---------+---------+-------+---------+---------+-------
      Total |      57 |      11 |  16.2 |      28 |       8 |  22.2
            +---------+---------+-------+---------+---------+-------
        D:1 |      41 |       0 |   0.0 |      25 |       0 |   0.0
        D:2 |      16 |      11 |  40.7 |       3 |       8 |  72.7
            +---------+---------+-------+---------+---------+-------
